Map: Prion Terraces

Players

xKawaiian - Winner!

  • Race: Terran Terran
  • League: Master

WinD

  • Race: Zerg Zerg
  • League: Master

VOD

Have the link to the VOD?

Description

Time

  • Played on: Jan. 14, 2016, 5:27 p.m.
  • Length: 13:05
Show
View Real Time Build Order
Export as new Build Order

xKawaiian Terran - Winner!

Build Orders: Reaper Expand, MMM Bio 

Get SALT Encoding   

  12  0:01  SCV  
  13  0:13  SCV  
  14  0:17  Supply Depot  
  14  0:25  SCV  
  15  0:39  SCV  
  15  0:41  Barracks  
  16  0:45  Refinery  
  16  0:51  SCV  
  17  1:03  SCV  
  18  1:15  SCV  
  19  1:28  Reaper, Orbital Command  
  20  1:39  Command Center  
  20  1:48  Supply Depot  
  20  1:53  SCV  
  21  2:02  Barracks Reactor  
  21  2:05  SCV  
  21  2:06  Barracks  
  22  2:14  Barracks  
  22  2:17  SCV  
  23  2:29  SCV  
  24  2:38  Marine  
  24  2:39  Marine  
  24  2:42  SCV  
  27  2:51  Orbital Command  
  27  2:54  SCV  
  27  2:56  Barracks Tech Lab, Marine  
  27  2:57  Marine  
  30  3:02  Marine  
  31  3:05  Refinery  
  31  3:06  SCV, Factory  
  32  3:14  Marine  
  32  3:15  Marine  
  32  3:17  Marine  
  32  3:18  SCV  
  36  3:26  Marine  
  37  3:28  Stimpack  
  37  3:30  SCV x2  
  37  3:33  Marine x2  
  40  3:41  Supply Depot, Marine  
  40  3:42  SCV  
  42  3:52  Starport  
  42  3:53  Factory Reactor  
  42  3:56  SCV  
  42  3:57  SCV  
  44  4:04  Supply Depot  
  44  4:09  Marine  
  38  4:10  Marine  
  38  4:11  Marine x2  
  40  4:19  SCV  
  40  4:20  SCV  
  42  4:27  Marine  
  42  4:28  Supply Depot  
  43  4:33  SCV  
  43  4:34  SCV  
  43  4:35  Marine x2  
  43  4:37  Medivac x2  
  51  4:44  Command Center  
  51  4:45  SCV  
  51  4:48  Marine x2  
  51  4:52  Supply Depot  
  54  4:53  SCV, Marine  
  54  4:58  SCV  
  57  5:01  Marine  
  57  5:04  Supply Depot  
  57  5:05  Marine  
  57  5:06  SCV, Marine  
  61  5:08  Medivac  
  63  5:17  SCV  
  63  5:18  SCV  
  65  5:21  Barracks Reactor, Factory Reactor  
  65  5:26  Engineering Bay  
  65  5:27  Engineering Bay  
  65  5:29  SCV  
  65  5:30  SCV  
  65  5:33  Refinery  
  65  5:35  Refinery  
  67  5:36  Marine x2  
  67  5:41  Combat Shields, SCV  
  67  5:42  Supply Depot, SCV  
  71  5:49  Marine  
  70  5:53  SCV  
  70  5:54  Marine  
  70  5:55  Medivac  
  70  5:56  Marine  
  75  5:58  SCV x2  
  77  6:07  Marauder  
  77  6:08  Barracks  
  77  6:16  Barracks, Orbital Command  
  77  6:17  Marine x2  
  79  6:22  Marine  
  80  6:26  Marine  
  80  6:28  Terran Infantry Weapons Level 1, Terran Infantry Armor Level 1, Marauder  
  80  6:30  SCV x2  
  85  6:34  Orbital Command  
  85  6:35  Marine  
  86  6:41  Marine  
  86  6:42  SCV, Marine  
  86  6:44  Marine  
  89  6:50  Marauder  
  89  6:53  Marine  
  88  6:54  Marine  
  88  6:55  Widow Mine x2  
  88  7:00  Marine  
  94  7:02  SCV  
  94  7:04  Marine  
  94  7:05  Medivac x2  
  99  7:11  Marauder  
  99  7:14  SCV x2  
  103  7:16  Barracks Reactor, Barracks Tech Lab  
  103  7:22  Barracks  
  94  7:23  SCV  
  94  7:24  Widow Mine x2  
  94  7:25  Barracks  
  94  7:28  Armory  
  94  7:29  SCV x2  
  101  7:33  Marauder  
  101  7:34  Marauder, Marine  
  101  7:35  SCV  
  107  7:40  Supply Depot, Concussive Shells  
  107  7:41  SCV x2  
  109  7:49  SCV, Marine x3  
  109  7:50  Supply Depot  
  113  7:52  Widow Mine  
  113  7:54  Marauder  
  117  8:01  Marauder, Medivac x2, Marine  
  117  8:04  Supply Depot x2  
  117  8:05  Supply Depot  
  124  8:09  SCV  
  124  8:11  SCV, Widow Mine  
  128  8:13  Barracks Reactor, Barracks Tech Lab  
  128  8:15  Marauder  
  128  8:19  Liberator  
  122  8:20  Marine x2  
  122  8:23  Command Center  
  122  8:24  SCV  
  122  8:26  Marauder  
  127  8:31  Medivac  
  127  8:33  Marine  
  127  8:34  Marauder, Widow Mine  
  127  8:38  Marine x2  
  127  8:39  Widow Mine  
  130  8:41  Marine x2  
  130  8:42  Marauder  
  130  8:47  Marine  
  119  8:53  Marine  
  102  8:57  Marauder  
  102  9:01  SCV, Medivac  
  102  9:02  Widow Mine  
  98  9:06  Marauder, Marine  
  98  9:09  SCV  
  104  9:17  Marauder, Marine x2  
  104  9:22  Terran Infantry Armor Level 2  
  108  9:26  Refinery  
  108  9:28  Refinery  
  108  9:33  Marine x2  
  108  9:34  Marauder x2  
  108  9:35  SCV  
  108  9:38  Marine, Liberator, Orbital Command  
  115  9:39  Liberator  
  115  9:40  SCV  
  115  9:45  SCV, Marauder, Marine  
  120  9:50  SCV  
  120  9:52  SCV  
  122  9:55  Marauder, Marine  
  122  9:57  Marine  
  122  9:59  SCV  
  133  10:01  Widow Mine  
  133  10:02  Marine x2  
  133  10:03  SCV  
  137  10:11  SCV  
  137  10:12  SCV  
  136  10:14  Marine  
  136  10:15  Marauder  
  136  10:16  Terran Infantry Weapons Level 2  
  136  10:18  SCV  
  140  10:21  Liberator, Marine x2  
  140  10:27  Marine  
  140  10:28  Liberator, Marauder, Marine  
  144  10:29  SCV x2  
  144  10:31  SCV x2  
  148  10:36  Marauder, Marine  
  148  10:37  Marine  
  148  10:41  SCV  
  156  10:44  Marauder, Marine  
  156  10:45  Marine  
  156  10:47  Marine  
  156  10:49  SCV x2, Marauder  
  168  10:53  Supply Depot  
  168  10:54  Supply Depot  
  168  10:57  Marine  
  168  10:58  Marine, Marauder  
  172  11:04  Liberator  
  172  11:07  SCV  
  172  11:08  Supply Depot  
  172  11:09  Supply Depot  
  172  11:10  Marine  
  95  11:11  Marauder, Liberator  
  170  11:13  Marauder  
  170  11:16  Widow Mine, Marine  
  170  11:17  Marine x3  
  177  11:19  Marauder  
  177  11:22  Marine x2  
  177  11:23  Marine  
  185  11:29  Supply Depot, Marine  
  189  11:33  Marauder  
  189  11:34  Marine, Marauder  
  189  11:36  Marine, Widow Mine  
  197  11:40  Marauder  
  197  11:46  Marine  
  200  11:52  Command Center  
  200  11:53  Starport  
  199  11:54  Marauder  
  199  11:57  Marauder  
  195  12:08  Marine x2  
  195  12:09  Marauder, Marine  
  195  12:14  Barracks x2  
  200  12:16  Marine x2, Barracks, Marauder  
  200  12:19  Marauder  
  196  12:24  SCV  
  196  12:25  Refinery x2  
  196  12:26  Marine x2  
  188  12:46  Marine x2  
Show
View Real Time Build Order
Export as new Build Order

WinD Zerg 

Build Orders: Hatch First 

Get SALT Encoding   

  12  0:03  Drone  
  13  0:12  Overlord  
  13  0:19  Drone  
  14  0:32  Drone x2  
  16  0:37  Drone  
  17  0:57  Hatchery  
  17  0:58  Drone x2  
  18  1:13  Spawning Pool  
  18  1:14  Extractor  
  18  1:15  Drone  
  17  1:18  Drone  
  18  1:28  Drone  
  19  1:39  Overlord  
  19  1:53  Drone  
  20  1:59  Queen  
  22  2:02  Zergling x2  
  23  2:10  Queen  
  23  2:11  Zergling x2  
  26  2:18  Metabolic Boost  
  26  2:23  Overlord  
  26  2:28  Drone x2  
  27  2:35  Drone x2  
  29  2:42  Drone  
  29  2:43  Drone  
  31  2:45  Queen  
  33  2:59  Overlord  
  33  3:01  Overlord  
  33  3:21  Zergling x8  
  36  3:32  Drone x6  
  42  3:38  Queen  
  44  3:42  Hatchery  
  43  3:49  Drone x2  
  43  3:55  Drone x2  
  47  3:59  Drone x3  
  47  4:02  Roach Warren  
  49  4:08  Zergling x4  
  48  4:27  Overlord x2  
  48  4:30  Lair, Evolution Chamber  
  48  4:31  Extractor  
  46  4:32  Evolution Chamber, Extractor x2  
  46  4:35  Drone x2  
  46  4:36  Drone x4  
  49  4:42  Roach x2  
  53  4:47  Spore Crawler  
  53  4:49  Spore Crawler  
  53  4:51  Drone  
  53  4:52  Drone  
  53  4:58  Drone x6  
  59  5:01  Drone  
  60  5:11  Roach x3  
  66  5:22  Overlord x3  
  66  5:27  Roach  
  66  5:28  Roach  
  70  5:29  Ravager  
  70  5:30  Ravager  
  72  5:37  Roach  
  72  5:40  Zerg Ground Armor Level 1  
  72  5:42  Drone  
  75  5:48  Zergling x12  
  76  5:52  Roach  
  76  5:53  Roach  
  80  5:58  Zerg Missile Weapons Level 1  
  80  5:59  Roach  
  80  6:01  Overlord  
  82  6:19  Spore Crawler  
  82  6:20  Spore Crawler  
  82  6:25  Roach x4  
  88  6:26  Ravager  
  89  6:35  Overlord x3  
  89  6:36  Overlord  
  89  6:54  Roach x2  
  89  6:55  Roach x3  
  89  6:58  Drone x7  
  106  7:05  Drone x5  
  106  7:06  Drone  
  108  7:09  Drone  
  108  7:11  Drone  
  110  7:21  Ravager x4  
  114  7:28  Roach x4  
  122  7:30  Roach  
  122  7:38  Overlord x4  
  122  7:43  Extractor  
  121  7:45  Extractor  
  121  7:47  Zerg Ground Armor Level 2  
  119  7:59  Ravager  
  119  8:00  Ravager x2  
  119  8:01  Zerg Missile Weapons Level 2, Roach  
  119  8:02  Roach x2  
  119  8:03  Overlord x2  
  126  8:22  Roach x6  
  126  8:23  Roach x3  
  138  8:39  Roach  
  138  8:40  Roach x6  
  122  8:50  Roach x4  
  122  8:52  Drone x2  
  95  9:10  Drone  
  95  9:14  Drone x4  
  100  9:22  Drone x4  
  100  9:23  Drone  
  105  9:27  Hatchery  
  104  9:32  Ravager x9  
  104  9:33  Ravager x2  
  104  9:36  Glial Reconstitution  
  115  9:53  Roach x8  
  129  10:12  Roach x10  
  149  10:18  Ravager  
  150  10:24  Drone  
  150  10:25  Drone x4  
  155  10:31  Drone x2  
  155  10:33  Spine Crawler  
  155  10:36  Drone x2  
  155  10:39  Drone x2  
  155  10:41  Spine Crawler  
  155  10:42  Spine Crawler  
  157  10:47  Spine Crawler  
  157  10:48  Drone x2, Spine Crawler  
  157  10:55  Drone  
  157  10:56  Drone x4  
  162  10:58  Spine Crawler  
  161  11:05  Roach  
  161  11:06  Roach x6  
  173  11:12  Spine Crawler x2  
  173  11:17  Roach x3  
  175  11:21  Spine Crawler  
  175  11:23  Spore Crawler  
  175  11:25  Spine Crawler  
  172  11:26  Spine Crawler  
  172  11:31  Roach x2  
  175  11:43  Evolution Chamber  
  175  11:44  Spire  
  168  11:55  Evolution Chamber  
  168  11:57  Spore Crawler  
  162  12:02  Roach  
  162  12:03  Roach x6  
  162  12:06  Drone x3  
  175  12:09  Spore Crawler, Extractor  
  173  12:22  Drone x4  
  175  12:23  Overlord  
  175  12:24  Overlord x3  
Tags
 
Add a new tag
Caveats
  • Supply blocks, unpowered buildings, or Contaminate may cause inaccurate times.
  • Supply counts are checked every 10 seconds.